 Dungeon Crawl Stone Soup version 0.29-a0-469-gd254ca66d9 (webtiles) character file.

Game seed: 11970731458103961638

80794 ffnvl the Unseen (level 15, -4/73 (77) HPs)
             Began as a Spriggan Enchanter on May 22, 2022.
             Was the Champion of Dithmenos.
             Killed by divine providence
             ... invoked by an orc priest
              (9 damage)
             ... while paralysed by an orc sorcerer
             ... on level 2 of the Orcish Mines.
             The game lasted 01:37:08 (24956 turns).

ffnvl the Unseen (Spriggan Enchanter)              Turns: 24956, Time: 01:37:09

HP:   -4/73 (77)    AC: 13    Str: 10    XL:     15   Next: 24%
MP:   25/35         EV:  4    Int: 23    God:    Dithmenos [******]
Gold: 2147          SH:  0    Dex: 16    Spells: 11/44 levels left

rFire   + + .      SeeInvis +   A - +6 dagger (venom)
rCold   + . .      Faith    .   N - orb {guile}
rNeg    . . .      Spirit   .   S - +2 robe {rF+}
rPois   .          Reflect  .   n - +1 hat of Darkness {Int+5}
rElec   .          Harm     .   F - +1 cloak "Viqom" {rF+ rC+}
rCorr   .          Rampage  .   (gloves unavailable)
Will    .....                   (boots unavailable) Stlth ***+++++++
                                q - amulet of regeneration
HPRegen 1.02/turn               O - +4 ring of evasion
MPRegen 0.24/turn               o - +4 ring of protection

@: paralysed, wreathed by umbra, drained, very quick
A: very small, no large weapons, unfitting armour, see invisible, speed 3,
antennae 1, iridescent scales 1
a: Renounce Religion, Shadow Step, Shadow Form


You were on level 2 of the Orcish Mines.
You worshipped Dithmenos.
Dithmenos was exalted by your worship.
You visited 4 branches of the dungeon, and saw 23 of its levels.
You also visited: Sewer, Bailey and Gauntlet.

You collected 3253 gold pieces.
You spent 1106 gold pieces at shops.

Inventory:

Hand Weapons
 A - a +6 dagger of venom (weapon)
Missiles
 h - 20 poisoned darts (quivered)
 m - a throwing net
 E - 7 curare-tipped darts
Armour
 n - the +1 hat of Darkness (worn) {Int+5}
   (You found it in a Gauntlet)

   Int:       It affects your intelligence (+5).
 F - the +1 cloak "Viqom" (worn) {rF+ rC+}
   (You acquired it on level 6 of the Dungeon)

   rF:        It protects you from fire.
   rC:        It protects you from cold.
 N - an orb of guile (worn)
 S - a +2 robe of fire resistance (worn)
Jewellery
 f - a ring of resist corrosion
 j - a ring of protection from fire
 o - a +4 ring of protection (right hand)
 q - an amulet of regeneration (around neck)
 O - a +4 ring of evasion (left hand)
Wands
 k - a wand of polymorph (7)
 D - a wand of iceblast (7)
 H - a wand of acid (5)
Scrolls
 d - 3 scrolls of amnesia
 l - 12 scrolls of teleportation
 r - 10 scrolls of identify
 y - 2 scrolls of summoning
 B - 2 scrolls of magic mapping
 I - 2 scrolls of enchant armour
 J - a scroll of immolation
 K - 2 scrolls of brand weapon
Potions
 c - 2 potions of invisibility
 e - 13 potions of curing
 g - 9 potions of heal wounds
 i - 2 potions of might
 p - 2 potions of ambrosia
 u - 2 potions of magic
 v - 2 potions of resistance
 w - 6 potions of lignification
 x - 4 potions of flight
 z - 2 potions of cancellation
 G - a potion of brilliance
 L - 2 potions of haste
 P - a potion of mutation
 R - a potion of berserk rage
Miscellaneous
 C - a tin of tremorstones (inert)
 M - a condenser vane


   Skills:
 + Level 8.2 Fighting
 + Level 10.9 Short Blades
 + Level 13.0 Dodging
 + Level 18.6 Stealth
 + Level 15.0 Spellcasting
 - Level 4.1 Conjurations
 + Level 15.3 Hexes


You had 11 spell levels left.
You knew the following spells:

 Your Spells              Type           Power      Damage    Failure   Level
a - Ensorcelled Hibernat  Hex/Ice        100%       N/A       1%          2
b - Tukima's Dance        Hex            73%        N/A       1%          3
c - Dazzling Flash        Conj/Hex       100%       N/A       1%          3
d - Confusing Touch       Hex            73%        N/A       1%          3
e - Passwall              Tmut/Erth      14%        N/A       4%          2
f - Stone Arrow           Conj/Erth      52%        3d10      4%          3
g - Poisonous Vapours     Pois/Air       34%        N/A       4%          2
h - Summon Mana Viper     Hex/Summ       51%        N/A       4%          5
i - Teleport Other        Tloc           17%        N/A       10%         3
j - Enfeeble              Hex            36%        N/A       5%          7

Your spell library contained the following spells:

 Spells                   Type           Power      Damage    Failure   Level
 Magic Dart               Conj           100%       1d8       1%          1
 Searing Ray              Conj           72%        2d7       1%          2
 Fulminant Prism          Conj/Hex       29%        3d14      1%          4
 Sublimation of Blood     Necr           17%        N/A       4%          2
 Metabolic Englaciation   Hex/Ice        25%        N/A       4%          5
 Yara's Violent Unravell  Hex/Tmut       25%        3d11      4%          5
 Gell's Gravitas          Tloc           17%        N/A       10%         3
 Lesser Beckoning         Tloc           17%        N/A       10%         3
 Ozocubu's Armour         Ice            17%        N/A       10%         3
 Swiftness                Air            17%        N/A       10%         3
 Vampiric Draining        Necr           17%        2d7       10%         3
 Animate Armour           Summ/Erth      34%        N/A       32%         4
 Animate Dead             Necr           17%        N/A       32%         4
 Corpse Rot               Necr/Pois/Air  17%        N/A       32%         4
 Petrify                  Tmut/Erth      17%        N/A       32%         4
 Irradiate                Conj/Tmut      13%        3d17      38%         5
 Borgnjor's Vile Clutch   Necr/Erth      8%         N/A       67%         5
 Summon Forest            Summ/Tloc      8%         N/A       67%         5
 Death Channel            Necr           8%         N/A       99%         6
 Dispersal                Tloc           8%         N/A       99%         6
 Simulacrum               Ice/Necr       8%         N/A       99%         6
 Summon Cactus Giant      Summ           8%         N/A       99%         6
 Ozocubu's Refrigeration  Ice            8%         4d6       100%        7
 Disjunction              Tloc           8%         N/A       100%        8
 Lehudib's Crystal Spear  Conj/Erth      13%        10d4      100%        8
 Necromutation            Tmut/Necr      8%         N/A       100%        8


Dungeon Overview and Level Annotations

Branches:
Dungeon (14/15)            Temple (1/1) D:6            Lair (6/6) D:10
 Shoals (0/4) Lair:4        Snake (0/4) Lair:2        Slime (0/5) Lair:6
    Orc (2/2) D:10         Vaults (0/5) D:14          Sewer (visited)
 Bailey (visited)         Gauntlet (visited)
    Elf: Orc:2

Altars:
Ashenzari
Cheibriados
Dithmenos
Elyvilon
Fedhas
Gozag
Hepliaklqana
Makhleb
Nemelex Xobeh
Okawaru
Qazlal
Sif Muna
Trog
Uskayaw
Vehumet
Wu Jian
Xom
Zin
The Shining One
Jiyva
Lugonu

Shops:
D:2 (   D:4 *   D:6 !?   D:7 [   D:10 *   D:13 *

Portals:
Abyss: Lair:5

Annotations:
D:8 2 runed translucent doors, hemabe1971's ghost, journeyman HuAr
D:11 1 runed translucent door, Fama's ghost, journeyman DDBe
D:14 exclusion: 2 orange crystal statues
Lair:3 1 runed translucent door, Iriod's ghost, journeyman VSBr
Lair:6 exclusion: oklob plant


Innate Abilities, Weirdness & Mutations

You are very small and have problems with some larger weapons.
You are too small for most types of armour.
You have supernaturally acute eyesight. (SInv)
You cover ground extremely quickly. (Speed+++)
You have a pair of small antennae on your head.
You are partially covered in iridescent scales. (AC +2)


Message History

Beogh smites you!
The orc priest begins to cast a cantrip, but forgets the words!
An orc wizard comes into view. It is wielding a +0 dagger.
You hit the orc priest but do no damage.
Unknown command.
You barely miss the orc priest. The orc sorcerer casts a spell at you.
The bolt of fire hits the orc!!
The orc dies!
The bolt of fire hits you. You resist.
The orc wizard gestures at you while chanting.
You resist with some effort. The orc priest completely misses you.
The orc priest looks encouraged for a moment.
The orc high priest mumbles some strange prayers to Beogh.
The orc wizard completely misses you.
Unknown command.
Unknown command.
An orc priest comes into view. It is wielding a +0 flail.
Things that are here:
a +0 dagger; a +0 leather armour; an orc corpse The orc sorcerer points at you and mumbles some strange words.
You suddenly lose the ability to move!
The orc priest calls down the wrath of Beogh upon you.
Beogh smites you!
The orc priest calls down the wrath of Beogh upon you.
Beogh smites you!
The orc wizard hits you but does no damage.
The orc sorcerer points at you and mumbles some strange words.
The bolt of negative energy hits you!!!
You feel drained.
* * * LOW HITPOINT WARNING * * *
You emit a cloud of dark smoke.
The bolt of negative energy hits the orc wizard!!
The orc wizard is drained!
The orc wizard dies!
An orc wizard comes into view. It is wielding a +0 dagger.
The orc priest hits you with a +1 hand axe of electrocution.
* * * LOW HITPOINT WARNING * * *
The orc priest calls down the wrath of Beogh upon you.
Beogh smites you!
You die...

##.#...............
#..................
##............#.....
...
#......)............
...
#.....)).###........
..
#....))))##4........
.
#...##.))))#oo.......
#... ##.)).3ooo......
...
##.)).)ยง@oo...... .$
#. #)))######oo.####
..# #.)## {{o....o
...## #)## ..o..o.
#...# #)# ####...
#.... #)# ... #....
#)# .. #.... #)#
#.... #.# #....


You could see an orc high priest, a sun demon (summoned), an ice devil
(summoned), an orc sorcerer, 6 orc priests and 4 orc wizards.

Vanquished Creatures
  Gastronok (D:8)
  An orc warlord (Orc:1)
  A minotaur (Gauntlet)
  9 hydras
  Erolcha (D:10)
  3 boulder beetles
  2 ogre magi
  A catoblepas (Lair:6)
  13 two-headed ogres
  A deep troll shaman (Lair:6)
  3 centaur warriors (D:13)
  9 death yaks
  A tengu warrior (D:14)
  A lindwurm (Lair:6)
  Pikel (D:4)
  2 orc knights
  2 deep elf pyromancers
  8 orc sorcerers
  5 ugly things
  2 cyclopes
  4 manticores
  8 elephants (Lair:6)
  3 black mambas
  Joseph (D:10)
  12 cane toads
  A kobold demonologist (D:13)
  6 komodo dragons
  3 efreet
  A rime drake (Lair:3)
  A tengu conjurer (D:14)
  7 trolls
  2 polar bears (Lair:5)
  A slime creature (D:8)
  Prince Ribbit (D:9)
  23 blink frogs
  2 vampires (D:13)
  4 shadows
  60 yaks
  Sigmund (D:4)
  A wraith (D:10)
  3 wyverns
  5 basilisks
  A vampire mosquito (D:11)
  Grum (D:6)
  2 acid dragons (D:12)
  4 wargs
  2 nagas (Lair:2)
  11 water moccasins
  31 orc warriors
  6 black bears
  6 ogres
  An ice beast (D:6)
  14 wolves
  3 centaurs
  A phantom (D:6)
  A lemure (D:4)
  A kobold brigand (D:8)
  15 bullfrogs
  3 gnoll sergeants (D:6)
  4 scorpions
  3 killer bees (D:8)
  3 howler monkeys (D:11)
  17 orc priests
  9 hounds
  A jelly (D:7)
  2 gnoll shamans
  2 iguanas
  23 orc wizards
  Robin (D:3)
  9 adders
  24 gnolls
  3 river rats
  2 shadow imps
  A white imp (D:5)
  3 worms
  77 orcs
  8 endoplasms
  4 giant cockroaches (D:4)
  17 goblins
  7 hobgoblins
  6 jackals
  12 kobolds
  2 quokkas (D:2)
  7 ball pythons
  4 bats
  A frilled lizard (D:2)
  10 rats
  A lurking horror (Lair:5)
583 creatures vanquished.

Vanquished Creatures (collateral kills)
  An orc warlord (Orc:1)
  A two-headed ogre (D:9)
  An orc knight (Orc:1)
  3 nagas (Lair:2)
  12 orc warriors
  2 ogres
  A kobold brigand (Sewer)
  3 orc priests
  2 gnoll shamans
  2 orc wizards
  10 gnolls
  18 orcs
  2 jackals (D:6)
  A kobold (Sewer)
59 creatures vanquished.

Vanquished Creatures (others)
  14 dancing weapons
  An orc priest (Orc:2)
  An orc wizard (Orc:2)
  An orc (Orc:2)
  19 demonic plants (Gauntlet)
  20 fungi
  21 plants
77 creatures vanquished.

Grand Total: 719 creatures vanquished

Notes
Turn   | Place    | Note
-------+----------+-------------------------------------------
     0 | D:1      | ffnvl the Spriggan Enchanter began the quest for the Orb.
     0 | D:1      | Reached XP level 1. HP: 9/9 MP: 5/5
   497 | D:1      | Reached XP level 2. HP: 13/13 MP: 7/7
   500 | D:1      | Learned a level 2 spell: Ensorcelled Hibernation
   910 | D:2      | Reached XP level 3. HP: 8/16 MP: 9/9
  1318 | D:2      | Found Jiruboaw's Weapon Shoppe.
  1381 | D:2      | Found a faded altar of an unknown god.
  2110 | D:3      | Noticed Robin
  2279 | D:4      | Learned a level 3 spell: Tukima's Dance
  2283 | D:4      | Learned a level 3 spell: Confusing Touch
  2310 | D:4      | Reached XP level 4. HP: 21/21 MP: 7/11
  2313 | D:4      | Reached skill level 5 in Hexes
  2319 | D:4      | Found a glowing drain.
  2335 | Sewer    | Entered a sewer
  2952 | Sewer    | Noticed a kobold brigand
  2971 | Sewer    | HP: 1/21 [kobold brigand/+0 short sword (6)]
  2971 | Sewer    | Killed a kobold brigand
  2972 | Sewer    | Reached skill level 5 in Spellcasting
  2972 | Sewer    | Reached XP level 5. HP: 1/24 MP: 2/13
  3226 | Sewer    | Learned a level 2 spell: Passwall
  3232 | Sewer    | Gained mutation: You have a pair of small antennae on your
                  | head. [potion of mutation]
  3232 | Sewer    | Gained mutation: You are partially covered in iridescent
                  | scales. (AC +2) [potion of mutation]
  3286 | D:4      | Noticed a lemure
  3296 | D:4      | Noticed a lemure
  3297 | D:4      | Noticed a lemure
  3323 | D:4      | Noticed a lemure
  3343 | D:4      | Noticed Pikel
  3348 | D:4      | Found Intuhot's General Store.
  3361 | D:4      | Noticed an ogre
  3528 | D:3      | Killed Robin
  4410 | D:4      | Killed a lemure
  4419 | D:4      | HP: 1/24 [Pikel/+2 whip of electrocution (13)]
  4420 | D:4      | Killed Pikel
  4421 | D:4      | Reached skill level 6 in Stealth
  4421 | D:4      | Reached XP level 6. HP: 1/28 MP: 13/16
  4421 | D:4      | Reached XP level 7. HP: 1/32 MP: 14/18
  4826 | D:4      | Noticed Sigmund
  4839 | D:4      | Killed Sigmund
  4840 | D:4      | Reached skill level 7 in Stealth
  5096 | D:4      | Reached skill level 8 in Stealth
  5150 | D:5      | Entered Level 5 of the Dungeon
  5157 | D:5      | Reached XP level 8. HP: 36/36 MP: 17/20
  5161 | D:5      | Learned a level 3 spell: Dazzling Flash
  5771 | D:5      | Reached skill level 9 in Stealth
  6352 | D:6      | Reached skill level 10 in Stealth
  6419 | D:6      | Noticed Grum
  6426 | D:6      | Killed Grum
  6427 | D:6      | Reached XP level 9. HP: 33/39 MP: 15/23
  7025 | D:6      | Reached skill level 11 in Stealth
  7437 | D:6      | Reached skill level 10 in Hexes
  7594 | D:6      | Reached skill level 10 in Spellcasting
  7686 | D:6      | Found a staircase to the Ecumenical Temple.
  7695 | Temple   | Entered the Ecumenical Temple
  7874 | Temple   | Became a worshipper of Dithmenos the Shadowed
  7928 | D:6      | Found Zubbe's Distillery.
  7941 | D:6      | Bought a potion of heal wounds for 50 gold pieces
  7941 | D:6      | Bought a potion of heal wounds for 50 gold pieces
  7941 | D:6      | Bought a potion of heal wounds for 50 gold pieces
  7941 | D:6      | Bought 2 potions of curing for 60 gold pieces
  7941 | D:6      | Bought a potion of magic for 80 gold pieces
  7941 | D:6      | Bought a potion of resistance for 100 gold pieces
  8124 | D:6      | Found Lysocw's Magic Scroll Boutique.
  8209 | D:7      | Learned a level 3 spell: Stone Arrow
  8299 | D:7      | Found a snail-covered altar of Cheibriados.
  8348 | D:7      | Reached skill level 1 in Conjurations
  8437 | D:7      | Found Cheibriados's Comfort Zone.
  8456 | D:7      | Reached skill level 1 in Fighting
  9046 | D:8      | Reached skill level 12 in Stealth
  9136 | D:8      | Reached * piety under Dithmenos
  9137 | D:8      | Reached XP level 10. HP: 46/46 MP: 22/25
  9445 | D:8      | Noticed a boulder beetle
  9451 | D:8      | Killed a boulder beetle
  9655 | D:8      | Found a large runed translucent door.
  9656 | D:8      | Found a large runed translucent door.
  9657 | D:8      | Noticed hemabe1971's ghost (journeyman HuAr)
  9674 | D:8      | Noticed Gastronok
 10115 | D:8      | Killed Gastronok
 10116 | D:8      | Reached skill level 5 in Dodging
 10279 | D:9      | Noticed a two-headed ogre
 10294 | D:9      | Killed a two-headed ogre
 10312 | D:9      | Found a flagged portal.
 10334 | Bailey   | Entered a bailey
 10471 | Bailey   | Reached ** piety under Dithmenos
 10475 | Bailey   | Reached XP level 11. HP: 45/51 MP: 3/26
 10631 | Bailey   | Reached skill level 13 in Stealth
 10736 | Bailey   | Identified the +3 leather armour of Minor Irritation
                  | {Slay+5}
 10737 | Bailey   | Noticed an orc knight
 10813 | Bailey   | Killed an orc knight
 11353 | D:9      | Noticed Prince Ribbit
 11357 | D:9      | Killed Prince Ribbit
 11801 | D:10     | Entered Level 10 of the Dungeon
 11813 | D:10     | Found Hygemeo's Evil Emporium.
 11813 | D:10     | Noticed a two-headed ogre
 11832 | D:10     | Killed a two-headed ogre
 11833 | D:10     | Reached skill level 5 in Short Blades
 12071 | D:10     | Noticed Joseph
 12074 | D:10     | Killed Joseph
 12380 | D:10     | Found a staircase to the Orcish Mines.
 12383 | D:10     | Noticed Erolcha
 12415 | D:10     | Reached *** piety under Dithmenos
 12809 | D:10     | Found a staircase to the Lair.
 12816 | D:10     | Reached skill level 14 in Stealth
 12907 | D:10     | Found a burning altar of Makhleb.
 13151 | D:10     | Killed Erolcha
 13237 | D:11     | Reached XP level 12. HP: 35/58 MP: 19/28
 13990 | D:11     | Reached **** piety under Dithmenos
 14004 | D:11     | Identified the +2 ring mail of the Hippo {Rampage Drain
                  | Stlth+}
 14006 | D:11     | Found a runed translucent door.
 14006 | D:11     | Found a shimmering altar of Xom.
 14006 | D:11     | Noticed Fama's ghost (journeyman DDBe)
 14261 | D:12     | Noticed a two-headed ogre
 14286 | D:12     | Found a gate leading to a gauntlet.
 14296 | Gauntlet | Entered a Gauntlet
 14296 | Gauntlet | Found a transporter.
 14310 | Gauntlet | Found a transporter.
 14325 | Gauntlet | Found a transporter.
 14330 | Gauntlet | Found a transporter.
 14347 | Gauntlet | Found a transporter.
 14365 | Gauntlet | Found a transporter.
 14377 | Gauntlet | Found a transporter.
 14383 | Gauntlet | Found a transporter.
 14398 | Gauntlet | Found a transporter.
 14400 | Gauntlet | Noticed a hell beast
 14410 | Gauntlet | Found a transporter.
 14416 | Gauntlet | Found a transporter.
 14416 | Gauntlet | Found a transporter.
 14431 | Gauntlet | Found a transporter.
 14445 | Gauntlet | Noticed a dire elephant
 14450 | Gauntlet | Found a transporter.
 14467 | Gauntlet | Found a transporter.
 14495 | Gauntlet | Found a transporter.
 14495 | Gauntlet | Found a transporter.
 14515 | Gauntlet | Found a transporter.
 14823 | Gauntlet | Identified the +1 hat of Darkness {Int+5}
 14878 | Gauntlet | Noticed a minotaur
 14901 | Gauntlet | Killed a minotaur
 14902 | Gauntlet | Identified the +6 chain mail of the Untouchables {rCorr
                  | Slay+2}
 14903 | Gauntlet | Got the Collected Works on Evil Magic
 15068 | D:6      | Bought a scroll of acquirement for 624 gold pieces
 15068 | D:6      | Bought a scroll of teleportation for 36 gold pieces
 15076 | D:6      | Acquired the +1 cloak "Viqom" {rF+ rC+}
 15261 | D:12     | Noticed a two-headed ogre
 15266 | D:12     | Killed a two-headed ogre
 15312 | D:12     | Noticed a boulder beetle
 15318 | D:12     | Killed a boulder beetle
 15336 | D:12     | Reached skill level 5 in Fighting
 15365 | D:12     | Noticed a two-headed ogre
 15369 | D:12     | Killed a two-headed ogre
 15370 | D:12     | Reached skill level 15 in Stealth
 15385 | D:12     | Acquired 1021 gold pieces
 15560 | D:12     | Killed a two-headed ogre
 15667 | D:12     | Noticed a boulder beetle
 15677 | D:12     | Killed a boulder beetle
 15774 | D:13     | Found Zoawnyef's Demolitions Depot.
 15782 | D:13     | Bought a scroll of immolation for 56 gold pieces
 15795 | D:13     | Noticed a centaur warrior
 15799 | D:13     | Killed a centaur warrior
 15887 | D:13     | Noticed a centaur warrior
 15891 | D:13     | Killed a centaur warrior
 15986 | D:13     | Noticed a centaur warrior
 15993 | D:13     | Killed a centaur warrior
 16472 | D:13     | Noticed an eight-headed hydra
 16476 | D:13     | Killed an eight-headed hydra
 16477 | D:13     | Reached XP level 13. HP: 65/65 MP: 30/30
 17505 | D:14     | Reached skill level 10 in Dodging
 17570 | D:14     | Found a gate to the Vaults.
 17582 | D:14     | Reached skill level 16 in Stealth
 18020 | Lair:1   | Entered Level 1 of the Lair of Beasts
 18039 | Lair:1   | Learned a level 2 spell: Poisonous Vapours
 18045 | Lair:1   | Learned a level 5 spell: Summon Mana Viper
 18049 | Lair:1   | Learned a level 3 spell: Teleport Other
 18057 | Lair:1   | Learned a level 7 spell: Enfeeble
 19008 | Lair:2   | Reached ***** piety under Dithmenos
 19209 | Lair:2   | Found a staircase to the Snake Pit.
 20048 | Lair:3   | Identified the +0 cloak of Nivvabb {-Cast Harm rF+}
 20049 | Lair:3   | You fall into a shaft and drop 2 floors!
 20085 | Lair:5   | Found the +1 robe of Vines {NoPotionHeal Regen++++}
 20187 | Lair:5   | Reached XP level 14. HP: 58/70 MP: 29/32
 20265 | Lair:4   | Reached skill level 17 in Stealth
 20769 | Lair:3   | Found a runed translucent door.
 20769 | Lair:3   | Noticed Iriod's ghost (journeyman VSBr)
 21002 | Lair:4   | Found an opulent altar of Gozag.
 21452 | Lair:4   | Found a staircase to the Shoals.
 21882 | Lair:5   | Found a corrupted altar of Lugonu.
 21882 | Lair:5   | Found a one-way gate to the infinite horrors of the Abyss.
 22475 | Lair:6   | Entered Level 6 of the Lair of Beasts
 22505 | Lair:6   | Found a staircase to the Slime Pits.
 22505 | Lair:6   | Found a viscous altar of Jiyva.
 22591 | Lair:6   | Found a sparkling altar of Nemelex Xobeh.
 22627 | Lair:6   | Reached skill level 10 in Short Blades
 22804 | Lair:6   | Reached ****** piety under Dithmenos
 23139 | Lair:6   | Reached skill level 18 in Stealth
 23326 | Lair:6   | Reached skill level 15 in Hexes
 23482 | Orc:1    | Entered Level 1 of the Orcish Mines
 23537 | Orc:2    | Entered Level 2 of the Orcish Mines
 23733 | Orc:1    | Noticed an orc warlord
 24026 | Orc:1    | Killed an orc warlord
 24097 | Orc:1    | Noticed an orc warlord
 24148 | Orc:1    | Killed an orc warlord
 24149 | Orc:1    | Reached XP level 15. HP: 74/77 MP: 16/34
 24432 | Orc:1    | Paralysed by an orc sorcerer for 5 turns
 24907 | Orc:2    | Reached skill level 15 in Spellcasting
 24955 | Orc:2    | Paralysed by an orc sorcerer for 5 turns
 24956 | Orc:2    | Killed from afar by an orc priest

Illustrated notes

Levels and vault maps discovered:
D:1:      dpeg_arrival_rooms_c, layout_rooms, dreamdust_wishing_well,
          item_on_display_a
D:2:      minmay_general_purpose_star, layout_basic,
          dreamdust_ecumenical_altar_angels_and_demons, serial_shops,
          nicolae_shop_stone
D:3:      layout_basic, uniq_robin
D:4:      layout_cave_pools, serial_column_ruins, column_ruins_hut,
          column_ruins_square_medium, column_ruins_open_medium,
          column_ruins_columns_dead_end, column_ruins_open_tiny,
          column_ruins_open_tiny, portal_sewer_entry_b, serial_shops, shop,
          uniq_pikel, uniq_sigmund
D:5:      layout_layer_cave
D:6:      hellmonk_ruined_rings, layout_cave_pools,
          minmay_temple_entry_junction, serial_gnoll_camp, gnoll_camp_mini_hut,
          gnoll_camp_mini_shop, gnoll_camp_mini_shop, grums_kennel,
          gnoll_camp_huts_basic, gnoll_camp_medium_02
D:7:      layout_rooms, minmay_shop_chei
D:8:      layout_loops_ring, ebering_ghost_disaster_area, minmay_small_thing,
          uniq_gastronok
D:9:      layout_layer_cave, enter_bailey_3, uniq_prince_ribbit1
D:10:     layout_loops_ring, mainiacjoe_overflow_alcove_2,
          grunt_lair_entry_orc_guard_hut, david_orc_3,
          ebering_dispersal_statue_hall, nicolae_evil_shop, uniq_erolcha,
          uniq_joseph
D:11:     layout_long_grid, ebering_ghost_xom
D:12:     layout_basic, gauntlet_entry_generic
D:13:     layout_roguey, serial_aquarium, aquarium_bridge_square
          [aquarium_subvault_wall, aquarium_subvault_bridge,
          aquarium_subvault_window, aquarium_subvault_window],
          aquarium_window_corner, aquarium_window_fake, aquarium_view_4,
          aquarium_view_2b, aquarium_pool_S, nicolae_blasting_shop
D:14:     layout_basic, david_vaults_2, david_greed
Temple:   mainiacjoe_temple_circle_huts
Lair:1:   layout_cave_pods, chequers_serial_rivers_marsh
Lair:2:   layout_regular_city, minmay_snake_entry_guardpost_medium,
          grunt_megastairs_2
Lair:3:   layout_long_grid, gammafunk_ghost_grave
Lair:4:   layout_roguey, elwin_shoals_entry_rocks, basic_altar, st_stairs_6
Lair:5:   layout_regular_city, amcnicky_altar_lugonu_corruption
Lair:6:   grunt_lair_end_beastmaster, layout_loops_ring, slime_altar_1,
          lemuel_oklob_altar
Orc:1:    layout_diamond_mine, guppyfry_library_mini
Orc:2:    st_orc_mages, layout_caves, minmay_orc_barracks

Skill      XL: |  1  2  3  4  5  6  7  8  9 10 11 12 13 14 15 |
---------------+----------------------------------------------+-----
Spellcasting   | 3 4 5 6 7 9 10 11 12 13 14 15 | 15.0
Hexes          | 4 5 7 9 10 11 12 13 14 15 | 15.3
Stealth        | 6 8 10 12 14 15 16 18 | 18.6
Dodging        | 3 5 7 9 11 12 13 | 13.0
Conjurations   | 1 3 4 |  4.1
Fighting       | 1 2 4 5 6 8 |  8.2
Short Blades   | 2 4 6 7 9 10 | 10.9

Action                   |  1- 3 |  4- 6 |  7- 9 | 10-12 | 13-15 || total
-------------------------+-------+-------+-------+-------+-------++-------
Melee: Dagger            |    69 |   131 |   319 |   402 |   799 ||  1720
       Whip              |    12 |       |       |       |       ||    12
       Punch             |       |       |     4 |     3 |     2 ||     9
Throw: Dart              |       |       |       |     4 |       ||     4
 Cast: Ensorcelled Hiber |     5 |    31 |    75 |    98 |   138 ||   347
       Tukima's Dance    |       |     1 |    40 |    46 |    33 ||   120
       Passwall          |       |     2 |       |       |       ||     2
       Confusing Touch   |       |       |     8 |    10 |     6 ||    24
       Dazzling Flash    |       |       |       |     6 |       ||     6
       Poisonous Vapours |       |       |       |       |     9 ||     9
       Enfeeble          |       |       |       |       |     1 ||     1
Invok: Shadow Step       |       |       |       |       |     1 ||     1
Evoke: Wand              |       |       |       |     7 |    10 ||    17
       Tin of tremorston |       |       |       |       |     3 ||     3
       Condenser vane    |       |       |       |       |     1 ||     1
  Use: Scroll            |     6 |     3 |     5 |    12 |     9 ||    35
       Potion            |       |    12 |       |     6 |     5 ||    23
 Stab: Sleeping          |    18 |    21 |    64 |    78 |   150 ||   331
       Distracted        |     1 |     1 |     3 |     2 |     4 ||    11
       Confused          |       |       |     6 |    11 |     5 ||    22
       Invisible         |       |       |       |     1 |     2 ||     3
       Petrified         |       |       |       |       |     4 ||     4
Armor: Robe              |     7 |    25 |    90 |    64 |    81 ||   267
Dodge: Dodged            |    48 |   107 |   311 |   295 |   679 ||  1440

Table legend: (Time is in decaauts)
 A = Elapsed time spent in this place.
 B = Non-inter-level travel time spent in this place.
 C = Inter-level travel time spent in this place.
 D = Time resting spent in this place.
 E = Time spent auto-exploring this place.
 F = Levels seen in this place.
 G = Mean time per level.
                   A        B        C        D        E       F      G
               +--------+--------+--------+--------+--------+-----+--------+
         Total |  18362 |  17666 |    696 |   2153 |  10871 |  26 |  706.2 |
       Dungeon |  11717 |  11198 |    519 |   1565 |   6957 |  14 |  836.9 |
        Temple |    122 |    109 |     13 |      0 |     93 |   1 |  122.0 |
          Lair |   3578 |   3433 |    145 |     18 |   2499 |   6 |  596.3 |
  Orcish Mines |   1072 |   1055 |     17 |    198 |    444 |   2 |  536.0 |
         Sewer |    868 |    868 |      0 |    327 |    360 |   1 |  868.0 |
        Bailey |    587 |    587 |      0 |     25 |    345 |   1 |  587.0 |
      Gauntlet |    415 |    415 |      0 |     19 |    171 |   1 |  415.0 |
               +--------+--------+--------+--------+--------+-----+--------+

Top non-repeatable levels by time:
     D:6: 1412 daAuts
     D:3: 1048 daAuts
    D:10: 970 daAuts
     D:4: 950 daAuts
     D:5: 921 daAuts
    D:14: 904 daAuts
   Sewer: 868 daAuts
     D:8: 837 daAuts
   Orc:1: 836 daAuts
  Lair:2: 782 daAuts
     D:2: 766 daAuts
    D:11: 765 daAuts
    D:13: 733 daAuts
     D:9: 709 daAuts
     D:7: 626 daAuts
